 Dungeon Crawl Stone Soup version 0.17.1-1-g73c8601 (webtiles) character file.

2 Implojin the Shield-Bearer (level 1, -4/22 HPs)
             Began as a Troll Fighter on Apr 8, 2016.
             Slain by Kaelvos's ghost (13 damage)
             ... on level 3 of the Dungeon.
             The game lasted 00:00:23 (59 turns).

Implojin the Shield-Bearer (Troll Fighter)            Turns: 59, Time: 00:00:23

Health: -4/22      AC:  5    Str: 23    XL:     1   Next: 25%
Magic:  0/0        EV:  8    Int:  4    God:
Gold:   0          SH:  8    Dex:  9    Spells: 0 memorised, 0 levels left

rFire  . . .     SeeInvis .       - Unarmed
rCold  . . .     Clarity  .     a - +0 robe
rNeg   . . .     SustAt   .     b - +0 shield
rPois  .         Gourm    +     (helmet restricted)
rElec  .         Spirit   .     (no cloak)
rCorr  .         Warding  .     (gloves unavailable)
rMut   .         Stasis   .     (boots unavailable)
MR     .....                    (no amulet)
Stlth  +.........               (no ring)
                                (no ring)

@: not resistant to hostile enchantments, very unstealthy
A: unfitting armour, claws 3, fast metabolism 3, gourmand, regeneration 2,
shaggy fur 1, tough skin 2
a: no special abilities


You were on level 3 of the Dungeon.
You were full.

You visited 1 branch of the dungeon, and saw 3 of its levels.

Inventory:

Armour
 a - a +0 robe (worn)
 b - a +0 shield (worn)
Scrolls
 e - a scroll of remove curse {unknown}
Potions
 c - a potion of might
 f - a potion of heal wounds {unknown}
Comestibles
 d - 2 bread rations


   Skills:
 - Level 2.4 Fighting
 - Level 2.4 Dodging
 - Level 2.4 Shields
 * Level 2.2 Unarmed Combat


You couldn't memorise any spells.
You didn't know any spells.

Dungeon Overview and Level Annotations

Branches:
Dungeon (3/15)

Altars:

Annotations:
D:3 Kaelvos's ghost, amateur DrMo


Innate Abilities, Weirdness & Mutations

You are too large for most types of armour.
You have claws for hands.
Your metabolism is lightning-fast.
You like to eat raw meat.
You heal very quickly.
You are covered in fur (AC +1).
You have very tough skin (AC +2).


Message History

You see here a pink potion.
f - a pink potion
Found 2 fizzy sapphire potions and a scroll labeled DOC LEDWIHEAG.
Found an escape hatch in the ceiling.
Kaelvos's ghost shrieks, "You will join me soon!"
Kaelvos's ghost hits you.
Things that are here:
a robe; a pair of gloves Unknown command.
Found a stone staircase leading up.
You scratch Kaelvos's ghost.
Kaelvos's ghost is lightly damaged.
Kaelvos's ghost shouts, "You will never get the ORB!"
Kaelvos's ghost hits you.
* * * LOW HITPOINT WARNING * * *
You scratch Kaelvos's ghost.
Kaelvos's ghost is lightly damaged.
You block Kaelvos's ghost's attack.
You barely miss Kaelvos's ghost.
Kaelvos's ghost is lightly damaged.
Kaelvos's ghost hits you but does no damage.
You claw Kaelvos's ghost!
Kaelvos's ghost is heavily damaged.
Kaelvos's ghost hits you.
* * * LOW HITPOINT WARNING * * *
You scratch Kaelvos's ghost but do no damage.
Kaelvos's ghost is heavily damaged.
You block Kaelvos's ghost's attack.
You claw Kaelvos's ghost!
Kaelvos's ghost is severely damaged.
Kaelvos's ghost hits you.
* * * LOW HITPOINT WARNING * * *
You barely miss Kaelvos's ghost.
Kaelvos's ghost is severely damaged.
You block Kaelvos's ghost's attack.
You scratch Kaelvos's ghost but do no damage.
Kaelvos's ghost is severely damaged.
Kaelvos's ghost hits you!
Ouch! That really hurt!
You die...

##...## ######...#
##...).###........##
#...<...##.........#
##.....###.......#.## .
##....###....[.....#.#
#..#.......###.#....#
....#####..#...#.....##
.W..# #..####W...#.....
#... #.## ##@#.......
..#. #. #..#..#.... ..
#. #.##..# ..! .. #.
... .. .. .? <#.. . .#.
.##.. ... < ##


You could see Kaelvos's ghost.

Vanquished Creatures
  An orc (D:3)
1 creature vanquished.

Notes
Turn   | Place    | Note
--------------------------------------------------------------
     0 | D:1      | Implojin the Troll Fighter began the quest for the Orb.
     0 | D:1      | Reached XP level 1. HP: 22/22 MP: 0/0
    36 | D:3      | Noticed Kaelvos's ghost (amateur DrMo)
    59 | D:3      | Slain by Kaelvos's ghost

Action                   || total
-------------------------++-------
Melee: Unarmed           ||     9
 Stab: Sleeping          ||     1
  Eat: Chunk             ||     3

Table legend:
 A = Turns spent in this place as a percentage of turns spent in the entire game.
 B = Non-inter-level travel turns spent in this place as a percentage of non-inter-level travel turns spent in the entire game.
 C = Inter-level travel turns spent in this place as a percentage of turns spent in this place.
 D = Turns resting spent in this place as a percentage of non-inter-level travel turns spent in this place.
 E = Turns spent auto-exploring this place as a percentage of non-inter-level travel turns spent in this place.
 F = Non-inter-level travel turns spent in this place divided by the number of levels of this place that you've seen.
                   A       B       C       D       E      F
               +-------+-------+-------+-------+-------+----------------------
         Total | 100.0 | 100.0 |   0.0 |   0.0 |   0.0 |  17.3
       Dungeon | 100.0 | 100.0 |   0.0 |   0.0 |   0.0 |  17.3
               +-------+-------+-------+-------+-------+----------------------

Table legend:
 A = Kills in this place as a percentage of kills in entire the game.
 B = Kills by you in this place as a percentage of kills by you in the entire game.
 C = Kills by friends in this place as a percentage of kills by friends in the entire game.
 D = Other kills in this place as a percentage of other kills in the entire game.
 E = Experience gained in this place as a percentage of experience gained in the entire game.
 F = Experience gained in this place divided by the number of levels of this place that you have seen.
                   A       B       C       D       E      F
               +-------+-------+-------+-------+-------+----------------------
         Total | 100.0 | 100.0 |  -nan |  -nan | 100.0 |   1.0
       Dungeon | 100.0 | 100.0 |  -nan |  -nan | 100.0 |   1.0
               +-------+-------+-------+-------+-------+----------------------
